Cogmind - Beta 15 @@@ ROGUE MODE // 2025.08.16 @ 12:17:11 Player: Dadrick Result: Destroyed by Alpha 7 with Multirail Performance ------------- Evolutions (9) 4500 Regions Visited (32) 6400 Robots Destroyed (163) 815 Value Destroyed (5124) 5124 Prototype IDs (80) 1600 Alien Tech Used (3) 600 Bonus (14761) 14761 TOTAL SCORE: 33800 Bonus ------- High Alert Combat Kills 184 Follower Combat Kills 2058 Network Hubs Disabled 200 Met Imprinter 300 Met Zhirov 300 Met Warlord at Base 500 MAIN.C Attacked Warlord 500 Warlord Defense Kills 328 Met R17 at Cetus 500 Met R17 at Research 2000 Met Warlord at Research 2000 Invited to Help at Command 2000 Met Sigix 2000 Met Warlord at Command 2000 Friendly Fire -109 Cogmind --------- Core Integrity 0/1600 Matter 300/300 Energy 10/100 System Corruption 11% Temperature Cool (0) Movement Hovering (60) Location -1/Command Parts ------- > --- POWER (3) -------- (None) > --- PROPULSION (8) --- Gyrokinetic Inverter Combat Linear Gravjet > --- UTILITY (12) ----- Advanced Cryofiber Web > --- WEAPON (2) ------- Force Lance > --- INVENTORY (5) ---- Improved Fusion Compressor Medium Storage Unit Nova Cannon Micro-nuke Launcher Peak State ------------ > --- POWER ------------ Micro Antimatter Reactor Micro Antimatter Reactor Micro Antimatter Reactor > --- PROPULSION ------- Biometal Heavy Treads Advanced Heavy Siege Treads Cooled Nuclear Pulse Thruster Improved Diametric Drive Improved Diametric Drive Cooled Impulse Thruster > --- UTILITY ---------- Advanced Power Amplifier Medium Storage Unit Spectral Analyzer Advanced Sensor Array Experimental Signal Interpreter Advanced Target Analyzer Improved Armor Integrity Analyzer Quantum Capacitor Layered Light Armor Plating Graphene Brace AEGIS Remote Shield > --- WEAPON ----------- Enhanced Quantum Rifle Enhanced Nova Cannon > --- INVENTORY -------- Micro Antimatter Reactor Light Quantum Reactor Xenon Bombardment Thruster Xenon Bombardment Thruster Cooled Cesium-ion Thruster Nova Cannon Micro-nuke Launcher Power Sword Force Lance [Rating: 196] Favorites ----------- Power Micro Fission Core Engine Light Angular Momentum Engine Power Core Micro Fission Core Reactor Micro Antimatter Reactor Propulsion Cooled Cesium-ion Thruster Treads Centrium Heavy Treads Leg Aluminum Leg Hover Unit Gyrokinetic Inverter Flight Unit Cooled Cesium-ion Thruster Utility Experimental Signal Interpreter Device Graphene Brace Storage Compact Battery Processor Experimental Signal Interpreter Hackware System Mapper Protection Centrium Medium Armor Plating Artifact Phase Armor Weapon Power Sword Energy Gun Advanced Variable Charge Gun Energy Cannon Cooled Plasma Cannon Ballistic Gun Gauss Rifle Launcher Missile Launcher Special Weapon Plasma Cutter Impact Weapon Great Maul Slashing Weapon Power Sword Piercing Weapon Force Lance Special Melee Weapon Advanced Datajack Build | -11 -10 -9 -8 -8 -7 -7 -7 -7 -7 -7 -6 -6 -6 -6 -6 -6 -5 -5 -5 -5 -4 -4 -4 -4 -4 -3 -3 -3 -2 -2 -1 -1 ------- Run | Yrd Mat Mat Mat Sto Fac Was Fac Low Low Zio Pro Fac Ext Cet Arc Hub Fac Upp Upp Zhi Pro Fac Upp Upp War Pro Res Tes Res Qua Acc Com Slots Evolved 18 | . . 2 2 . 2 . . . . . . 2 . . . . 2 . . . . 2 . . . . 2 . 2 . 2 . Power 2 | . . . . . . . . . . . . . . . . . 1 . . . . . . . . . . . . . 1 . Propulsion 6 | . . 1 1 . . . . . . . . 1 . . . . 1 . . . . 1 . . . . . . . . 1 . Utility 10 | . . 1 1 . 2 . . . . . . 1 . . . . . . . . . 1 . . . . 2 . 2 . . . Weapon . | . . . . . . . . . . . . . . . . . . . . . . . . . . . . . . . . . Parts Attached 202 | 7 8 8 8 11 . 3 11 1 1 1 . 6 11 14 3 11 7 1 . 5 . 7 . . 6 . 11 2 7 2 5 45 Power 22 | 1 2 . 2 2 . . 1 . . . . 1 . 1 1 . 1 1 . 1 . . . . 1 . 2 . . . . 5 Engine 10 | 1 2 . 2 1 . . 1 . . . . . . 1 1 . 1 . . . . . . . . . . . . . . . Core 4 | . . . . 1 . . . . . . . 1 . . . . . 1 . . . . . . . . . . . . . 1 Reactor 8 | . . . . . . . . . . . . . . . . . . . . 1 . . . . 1 . 2 . . . . 4 Propulsion 56 | 2 4 2 1 2 . . 2 . . . . 3 . 3 2 6 3 . . 3 . 1 . . 1 . . . 1 . 2 18 Treads 12 | 2 . . . . . . . . . . . . . 3 2 1 . . . . . . . . . . . . . . . 4 Leg 3 | . 3 . . . . . . . . . . . . . . . . . . . . . . . . . . . . . . . Wheel . | . . . . . . . . . . . . . . . . . . . . . . . . . . . . . . . . . Hover 10 | . . . . . . . . . . . . . . . . . . . . . . . . . . . . . . . . 10 Flight 31 | . 1 2 1 2 . . 2 . . . . 3 . . . 5 3 . . 3 . 1 . . 1 . . . 1 . 2 4 Utility 90 | 2 1 4 4 3 . 2 6 . 1 1 . 2 6 7 . 4 3 . . 1 . 6 . . 3 . 7 2 2 2 3 18 Device 48 | 1 . 1 . 2 . 1 4 . 1 1 . . 3 3 . 3 2 . . . . 5 . . 2 . 2 2 . . 3 12 Storage 8 | 1 1 . . . . . . . . . . . . . . . 1 . . . . . . . . . 2 . . 1 . 2 Processor 15 | . . . 2 1 . 1 1 . . . . 2 . . . 1 . . . . . 1 . . 1 . . . 2 . . 3 Hackware 4 | . . . . . . . . . . . . . 1 . . . . . . . . . . . . . 2 . . . . 1 Protection 14 | . . 3 2 . . . 1 . . . . . 2 4 . . . . . 1 . . . . . . 1 . . . . . Artifact 1 | . . . . . . . . . . . . . . . . . . . . . . . . . . . . . . 1 . . Weapon 34 | 2 1 2 1 4 . 1 2 1 . . . . 5 3 . 1 . . . . . . . . 1 . 2 . 4 . . 4 Energy Gun 3 | 1 . . . . . . . . . . . . . 1 . . . . . . . . . . . . . . . . . 1 Energy Cannon 7 | . . . . . . . . . . . . . 1 . . 1 . . . . . . . . . . 1 . 4 . . . Ballistic Gun 10 | 1 1 1 . 2 . 1 1 . . . . . 1 2 . . . . . . . . . . . . . . . . . . Ballistic Cannon . | . . . . . . . . . . . . . . . . . . . . . . . . . . . . . . . . . Launcher 5 | . . 1 . 1 . . 1 1 . . . . . . . . . . . . . . . . . . . . . . . 1 Special Weapon 1 | . . . . . . . . . . . . . 1 . . . . . . . . . . . . . . . . . . . Impact Weapon 2 | . . . 1 . . . . . . . . . 1 . . . . . . . . . . . . . . . . . . . Slashing Weapon 3 | . . . . 1 . . . . . . . . 1 . . . . . . . . . . . 1 . . . . . . . Piercing Weapon 2 | . . . . . . . . . . . . . . . . . . . . . . . . . . . 1 . . . . 1 Special Melee Weapon 1 | . . . . . . . . . . . . . . . . . . . . . . . . . . . . . . . . 1 Unidentified Prototypes 34 | . 1 . . 5 . 1 . . . 1 . . . 4 . 2 1 . . 4 . 1 . . 4 . 2 2 2 2 2 . Parts Lost 70 | . 3 . 8 . . . . 1 . . . . 4 3 . 2 1 1 . . . . . . . . 1 . . . 4 42 Power 11 | . 2 . 2 . . . . . . . . . . . . . . . . . . . . . . . . . . . . 7 Propulsion 23 | . 1 . 1 . . . . . . . . . 1 1 . . 1 1 . . . . . . . . 1 . . . 1 15 Utility 28 | . . . 4 . . . . 1 . . . . 1 2 . . . . . . . . . . . . . . . . 3 17 Weapon 8 | . . . 1 . . . . . . . . . 2 . . 2 . . . . . . . . . . . . . . . 3 Highest Loss Streak 21 | . 2 . 7 . . . . 1 . . . . 2 2 . 1 1 1 . . . . . . . . 1 . . . 3 21 To Critical Strikes . | . . . . . . . . . . . . . . . . . . . . . . . . . . . . . . . . . Average Backups 6 | 1 9 7 4 4 5 5 5 4 4 4 4 4 4 5 5 4 4 5 5 4 5 5 5 5 5 5 6 9 9 10 9 7 Power . | . . 1 . 1 1 1 1 1 1 1 1 1 1 . 1 1 . 1 1 1 1 1 1 1 1 1 1 1 1 1 1 1 Propulsion . | . 1 2 1 . . . . 1 1 1 1 . . . . . . . . . . . . . . 1 1 1 1 2 1 1 Utility 1 | . 3 1 . . . . . . . . . 1 2 1 1 1 1 3 3 2 2 2 2 2 1 1 1 4 3 3 2 1 Weapon 1 | . 2 1 1 2 3 3 1 1 1 1 1 1 1 1 2 1 . . . . . . . . . . . 1 1 2 2 3 Tool/Special . | . . . . . . . . . . . . . . . . . . . . . . . . . . . . . . . . . Unused Backups 24 | . . 6 . . . . . 1 1 . . . 1 2 . . . . . . . . . . . . 6 . 2 . 2 3 Power 5 | . . . . . . . . . . . . . . 1 . . . . . . . . . . . . 1 . . . 2 1 Propulsion 2 | . . . . . . . . 1 . . . . . . . . . . . . . . . . . . . . 1 . . . Utility 10 | . . 3 . . . . . . 1 . . . 1 1 . . . . . . . . . . . . 3 . 1 . . . Weapon 7 | . . 3 . . . . . . . . . . . . . . . . . . . . . . . . 2 . . . . 2 Tool/Special . | . . . . . . . . . . . . . . . . . . . . . . . . . . . . . . . . . Average Slot Usage (%) 91 | . 99 90 72 95 84 93 95 91 92 92 92 89 86 85 85 88 97 99 94 95 100 93 100 100 99 100 99 100 96 99 99 64 Engine 3 | . 13 11 3 4 . . . 7 7 7 7 . . 2 6 6 8 5 5 5 5 5 5 5 3 . . . . . . . Core 3 | . . . . 4 7 7 6 . . . . 5 6 3 . . . 4 5 5 5 5 5 5 5 5 4 4 4 4 4 . Reactor 1 | . . . . . . . . . . . . . . . . . . . . . . . . . 1 5 4 4 4 4 7 7 Treads 3 | . 14 . . . . . . . . . . . . 11 19 10 . . . . . . . . . . . . . . . 4 Leg 1 | . 12 6 . . . . . . . . . . . . . . . . . . . . . . . . . . . . . . Flight 22 | . . 23 32 34 30 30 26 23 23 23 23 24 21 6 . 14 34 34 29 30 35 31 36 36 36 36 33 33 30 30 31 11 Device 19 | . 14 17 8 10 15 16 27 22 23 28 30 26 24 20 20 20 20 23 23 21 17 22 21 21 20 21 17 14 16 16 19 13 Storage 2 | . 14 3 . . . . . . . . . . . . . . . . . . . . . . . . 5 9 8 8 8 3 Processor 12 | . . . 5 20 15 22 15 15 15 8 7 11 13 13 13 16 17 17 17 17 17 15 15 15 15 15 13 9 13 13 8 7 Hackware 1 | . . . . . . . . . . . . . 1 2 . . . . . . . . . . . . 4 9 8 8 7 1 Protection 4 | . . 6 12 4 . . 2 7 7 7 7 6 6 9 13 9 1 . . 1 5 1 5 5 5 5 4 4 4 3 4 2 Energy Gun 2 | . 14 9 1 . . . . . . . . . . 5 6 5 . . . . . . . . . . . . . . . 1 Energy Cannon 1 | . . . . . . . . . . . . . . . . . 5 5 5 5 5 5 5 5 5 5 4 4 1 4 3 1 Ballistic Gun 3 | . 14 11 5 6 7 7 7 7 7 7 7 6 5 2 6 1 . . . . . . . . . . . . . . . . Impact Weapon 1 | . . . 2 5 . . . . . . . . 1 3 . 1 5 5 5 5 5 5 5 5 3 . . . . . . . Slashing Weapon 2 | . . . . 3 7 7 6 6 6 7 7 6 3 . . . . . . . . . . . 1 5 4 4 4 4 4 2 Peak Build Rating 196 | 7 9 18 26 39 35 47 60 60 60 65 65 77 77 109 109 107 96 94 89 106 104 122 122 122 136 136 151 145 156 171 174 196 Average Rating 91 | 5 8 15 20 33 35 44 54 59 60 64 65 72 67 96 107 95 91 93 89 94 104 109 122 122 132 136 146 138 147 153 170 130 On Entrance 84 | . 7 9 17 23 35 35 47 59 60 60 65 65 77 68 109 107 87 93 89 89 104 104 122 122 122 136 136 138 139 154 154 144 Naked Turns . | . . . . . . . . . . . . . . . . . . . . . . . . . . . . . . . . . Heaviest Build 94 | 13 28 28 16 16 12 14 19 19 19 20 20 21 25 37 37 37 34 34 30 36 36 40 40 40 42 42 51 48 64 50 59 94 Greatest Support 315 | 40 40 20 20 20 20 20 26 26 26 26 26 32 32 160 183 183 36 36 30 36 36 54 43 43 44 44 53 71 59 62 78 315 Greatest Overweight (x) 3 | . 2 1 . . . . . . . . . . . 2 . 1 1 . . . . . . . . . . 3 1 . 1 1 Average Overweight (x) . | . . . . . . . . . . . . . . . . . . . . . . . . . . . . . . . . . Largest Inventory Capacity 15 | 8 15 15 5 5 5 5 5 5 5 5 5 5 5 5 5 5 5 5 5 5 5 5 5 5 5 5 10 10 10 10 10 15 Average Capacity 6 | 7 12 7 5 5 5 5 5 5 5 5 5 5 5 5 5 5 5 5 5 5 5 5 5 5 5 5 6 10 10 10 10 9 Most Carried 15 | 3 15 15 5 5 5 5 5 5 5 5 5 5 5 5 5 5 5 5 5 5 5 5 5 5 5 5 10 10 10 10 10 13 Average Carried 6 | 1 9 6 4 4 5 5 4 4 4 5 5 4 4 4 5 4 4 5 5 4 5 5 5 5 4 5 6 9 9 10 9 8 Final Capacity 15 | 8 15 5 5 5 5 5 5 5 5 5 5 5 5 5 5 5 5 5 5 5 5 5 5 5 5 5 10 10 10 10 10 5 Final Carried 15 | 3 15 5 5 5 5 5 5 5 5 5 5 5 5 5 5 5 5 5 5 5 5 5 5 5 5 5 9 10 10 10 9 4 Class Distribution -------------------- 17% | Scavenger-Mutant 13% | Sprinter 11% | Mutant 9% | Scavenger-Scout 9% | Hacker-Scout 8% | Ninja 5% | Hacker-Ninja 4% | Commander-Sprinter 3% | Hacker-Assassin 3% | Scout 3% | Commander-Ninja Dominant Class ---------------- Mutant | -10/Materials Mutant | -9/Materials Mutant | -8/Materials Commander-Sprinter | -8/Storage Sprinter | -7/Factory Sprinter | -7/Waste Sprinter | -7/Factory Sprinter | -7/Lower Caves Sprinter | -7/Lower Caves Sprinter | -7/Zion Sprinter | -6/Proximity Caves Ninja | -6/Factory Commander-Sprinter | -6/Extension Scavenger-Mutant | -6/Cetus Scavenger-Mutant | -6/Archives Scavenger-Mutant | -6/Hub_04(d) Scavenger-Scout | -5/Factory Scout | -5/Upper Caves Scout | -5/Upper Caves Scout | -5/Zhirov Scavenger-Scout | -4/Proximity Caves Ninja | -4/Factory Scout | -4/Upper Caves Scout | -4/Upper Caves Commander-Ninja | -4/Warlord Ninja | -3/Proximity Caves Hacker-Ninja | -3/Research Hacker-Scout | -3/Testing Hacker-Scout | -2/Research Hacker-Scout | -2/Quarantine Hacker-Ninja | -1/Access Mutant | -1/Command Resources | -11 -10 -9 -8 -8 -7 -7 -7 -7 -7 -7 -6 -6 -6 -6 -6 -6 -5 -5 -5 -5 -4 -4 -4 -4 -4 -3 -3 -3 -2 -2 -1 -1 ----------- Run | Yrd Mat Mat Mat Sto Fac Was Fac Low Low Zio Pro Fac Ext Cet Arc Hub Fac Upp Upp Zhi Pro Fac Upp Upp War Pro Res Tes Res Qua Acc Com Matter Collected 4396 | 288 212 . . 435 74 40 191 104 40 45 . 60 780 145 246 329 120 10 . . 100 80 10 . 90 . 160 . 145 . 130 562 Remotely . | . . . . . . . . . . . . . . . . . . . . . . . . . . . . . . . . . Salvage Created 6987 | 77 607 19 19 423 . . 201 28 . . . 295 956 166 666 762 238 . . . . 219 . . 119 . 825 . 615 26 248 478 Parts 306 | 8 37 4 5 18 . . 20 3 . . . 7 35 2 39 31 6 . . . . 5 . . 8 . 23 . 17 2 13 23 Haulers Intercepted 23 | . 1 . . 4 . . 1 . . . . 3 . . . 2 . . . . . 1 . . . . 4 . 6 . 1 . Recyclers Shooed 11 | . . . . . . . . . . . . . 6 . . 3 . . . . . . . . . . 1 . . . . 1 Parts Field Recycled . | . . . . . . . . . . . . . . . . . . . . . . . . . . . . . . . . . Retrieved Matter . | . . . . . . . . . . . . . . . . . . . . . . . . . . . . . . . . . Parts Self-Destructed 10 | . . . . . . . . 2 8 . . . . . . . . . . . . . . . . . . . . . . . Prevented . | . . . . . . . . . . . . . . . . . . . . . . . . . . . . . . . . . Kills | -11 -10 -9 -8 -8 -7 -7 -7 -7 -7 -7 -6 -6 -6 -6 -6 -6 -5 -5 -5 -5 -4 -4 -4 -4 -4 -3 -3 -3 -2 -2 -1 -1 ------- Run | Yrd Mat Mat Mat Sto Fac Was Fac Low Low Zio Pro Fac Ext Cet Arc Hub Fac Upp Upp Zhi Pro Fac Upp Upp War Pro Res Tes Res Qua Acc Com Combat Hostiles Destroyed 73 | . 16 3 3 2 . . 8 3 . . . . 9 2 4 9 4 . . . . . . . 3 . . . . . . 7 Melee 2 | . . . . . . . . 1 . . . . . . . . . . . . . . . . . . . . . . . 1 Guns 29 | . 16 . . . . . . . . . . . 3 1 4 5 . . . . . . . . . . . . . . . . Cannons 4 | . . . . . . . . . . . . . . . . . . . . . . . . . 3 . . . . . . 1 AOE 36 | . . 3 3 2 . . 8 2 . . . . 6 . . 3 4 . . . . . . . . . . . . . . 5 Classes Destroyed 15 | 2 4 1 . 2 . . 1 . . . . . 2 . . 3 . . . . . . . . . . . . . . . . Worker 8 | . . . . . . . 1 . . . . . . . . 5 1 . . . . . . . . . . . . . . 1 Builder 12 | . . . . 3 . . . . . . . . 3 . . 4 . . . . . 2 . . . . . . . . . . Tunneler 3 | 2 1 . . . . . . . . . . . . . . . . . . . . . . . . . . . . . . . Hauler 23 | . 1 . . 4 . . 1 . . . . 3 . . . 2 . . . . . 1 . . . . 4 . 6 . 1 . Recycler 13 | 1 1 . . 1 . . . . . . . . 4 . . . 1 . . . . . . . . . 2 . . . 1 2 Mechanic 1 | . . . . 1 . . . . . . . . . . . . . . . . . . . . . . . . . . . . Operator 20 | . . 1 . 1 . . . . . . . . 1 . 9 . 1 . . . . 1 . . . . 2 . . 1 2 1 Watcher 10 | . 1 . . . . . 1 . . . . . 1 1 . . . . . . . 2 . . . . 2 . 1 . . 1 Swarmer 38 | . 8 3 3 . . . 8 3 . . . . 3 . . . 4 . . . . . . . 1 . . . . . . 5 Grunt 17 | . 8 . . 2 . . . . . . . . 3 . . 3 . . . . . . . . 1 . . . . . . . Sentry 8 | . . . . . . . . . . . . . 2 . 4 2 . . . . . . . . . . . . . . . . Specialist 2 | . . . . . . . . . . . . . . . . 2 . . . . . . . . . . . . . . . . Programmer 3 | . . . . . . . . . . . . . . . . 1 . . . . . . . . 1 . . . . . . 1 Heavy 1 | . . . . . . . . . . . . . . . . 1 . . . . . . . . . . . . . . . . Behemoth 1 | . . . . . . . . . . . . . 1 . . . . . . . . . . . . . . . . . . . Cetus Guard 2 | . . . . . . . . . . . . . . 2 . . . . . . . . . . . . . . . . . . Combat Programmer 1 | . . . . . . . . . . . . . . . . . . . . . . . . . . . . . . . . 1 Best Kill Streak 7 | 3 3 3 3 3 . . 5 3 . . . 1 4 2 4 7 4 . . . . 4 . . 1 . 5 . 1 1 2 5 Combat Bots Only 5 | . 3 3 3 2 . . 4 3 . . . . 4 2 2 4 4 . . . . . . . 1 . . . . . . 5 Max Kills in Single Turn 4 | 1 2 3 3 1 . . 3 1 . . . 1 1 1 1 4 2 . . . . 1 . . 1 . 1 . 1 1 1 4 Gunslinging 1 | . 1 . . . . . . . . . . . . . . . . . . . . . . . . . . . . . . . Exploded 4 | . . 3 3 1 . . 3 1 . . . . 1 . . 2 2 . . . . . . . . . . . . . . 4 Melee 1 | . . . . . . . . 1 . . . . . . . . . . . . . . . . . . . . . . . 1 Uniques/NPCs Destroyed . | . . . . . . . . . . . . . . . . . . . . . . . . . . . . . . . . . Combat | -11 -10 -9 -8 -8 -7 -7 -7 -7 -7 -7 -6 -6 -6 -6 -6 -6 -5 -5 -5 -5 -4 -4 -4 -4 -4 -3 -3 -3 -2 -2 -1 -1 -------- Run | Yrd Mat Mat Mat Sto Fac Was Fac Low Low Zio Pro Fac Ext Cet Arc Hub Fac Upp Upp Zhi Pro Fac Upp Upp War Pro Res Tes Res Qua Acc Com Hostile Shots Fired 1129 | . 78 9 168 6 . . 29 13 . . 8 9 148 69 42 170 5 2 . . . 17 . . 6 . . 8 9 7 30 296 Missed 504 | . 21 6 92 4 . . 22 6 . . 4 5 84 22 14 74 2 1 . . . 9 . . 2 . . 5 5 5 15 106 Hits 625 | . 57 3 76 2 . . 7 7 . . 4 4 64 47 28 96 3 1 . . . 8 . . 4 . . 3 4 2 15 190 Melee 3 | . . . 1 . . . . . . . . . . . . . . . . . . . . . . . . . . . 1 1 Projectile 622 | . 57 3 75 2 . . 7 7 . . 4 4 64 47 28 96 3 1 . . . 8 . . 4 . . 3 4 2 14 189 AOE 32 | . . . . . . . . . . . . . . . . . . . . . . . . . . . . . . . 2 30 Critical Strikes 33 | . 1 . 2 1 . . 1 . . . . 1 2 4 . 1 1 . . . . 1 . . . . . 1 1 . 2 14 Actively Blocked 13 | . . . . . . . . . . . . . . . . . 1 . . . . 1 . . . . . . . . 2 9 Damage Taken 14527 | . 583 102 1097 27 . . 127 121 . . 37 79 865 1430 665 1280 118 25 . . . 187 . . 108 . 95 59 51 47 387 7037 Core 2465 | . 171 6 204 . . . 15 18 . . . . 117 253 46 87 20 . . . . . . . . . . . . . 21 1507 Absorbed by Shields 763 | . . . . . . . . . . . . . 52 . . . . . . . . . . . 38 . . . 31 . 7 635 Reduced by Siege Mode 265 | . . . . . . . . . . . . . . . . . . . . . . . . . . . . . . . . 265 Redirected to Shielding 1 | . . 1 . . . . . . . . . . . . . . . . . . . . . . . . . . . . . . Regen/Repaired (Parts) 411 | . . . . . . 32 . . . 176 . . . . . . . . . . . . . . 196 . . . 7 . . . Core Remaining (%) 82 | 100 31 98 . 62 . . . . . . 95 . . . . 40 . . . . 98 . . . . 100 . 100 . 100 . . Volleys Fired 699 | 6 60 3 3 4 . . 5 4 2 . . . 67 22 54 81 51 32 . . 88 48 4 2 26 28 38 6 2 5 21 37 Largest 2 | 2 2 1 1 1 . . 1 1 1 . . . 1 1 2 2 1 1 . . 1 1 1 1 1 1 1 1 1 1 1 1 Hottest 240 | 70 70 30 30 30 . . 33 36 36 . . . 36 80 115 240 105 35 . . 35 35 35 35 35 35 113 113 113 120 120 120 Shots Fired 817 | 12 117 3 3 5 . . 5 4 2 . . . 67 22 98 90 51 32 . . 88 48 4 2 26 28 38 6 2 5 21 38 Gun 382 | 12 117 . . 2 . . . . . . . . 47 22 98 83 . . . . . . . . . . . . . . . 1 Cannon 386 | . . . . . . . . . . . . . . . . . 51 32 . . 88 48 4 2 26 28 38 6 2 5 21 35 Launcher 49 | . . 3 3 3 . . 5 4 2 . . . 20 . . 7 . . . . . . . . . . . . . . . 2 Special . | . . . . . . . . . . . . . . . . . . . . . . . . . . . . . . . . . Kinetic 186 | 6 60 . . 2 . . . . . . . . 47 . 54 17 . . . . . . . . . . . . . . . . Thermal 582 | 6 57 . . . . . . . . . . . . 22 44 66 51 32 . . 88 48 4 2 26 28 38 6 2 5 21 36 Explosive 49 | . . 3 3 3 . . 5 4 2 . . . 20 . . 7 . . . . . . . . . . . . . . . 2 Electromagnetic . | . . . . . . . . . . . . . . . . . . . . . . . . . . . . . . . . . Robot Hit Streak 22 | 6 11 1 . 2 . . 5 . . . . . 9 6 8 22 . . . . . 1 . . 7 . 8 . 4 . . 11 Robot Miss Streak 5 | 1 4 3 . 1 . . . 2 . . . . 3 2 5 3 2 . . . . 3 . . 3 . 1 . . . . 2 Penetration Max 1 | . . . . . . . . . . . . . 1 . . . . . . . . . . . . . . . . . . . Secondary Targets 6 | . 5 . . . . . . . . . . . . . 1 . . . . . . . . . . . . . . . . . Max Gunslinging Chain 1 | . 1 . . . . . . . . . . . . . 1 . . . . . . . . . . . . . . . . . Capacitor 29 | . . . . . . . . . . . . . . . . . . . . . . . . . . . . . . . . 29 Shots Hit Robots 408 | 9 68 1 . 15 . . 8 1 . . . 18 32 18 59 46 3 . . . . 9 . . 16 . 30 . 32 1 6 36 Core Hits 245 | 4 29 4 3 6 . . 14 5 . . . 6 43 3 29 30 16 . . . . 2 . . 8 . 7 . 6 1 4 25 Critical Kills 7 | . . . . 1 . . . . . . . . . . 3 3 . . . . . . . . . . . . . . . . Critical Parts Destroyed 10 | . . . . 1 . . . . . . . . 2 1 3 3 . . . . . . . . . . . . . . . . Critical Strikes 35 | . 3 . . 2 . . . . . . . 5 3 1 7 6 . . . . . . . . . . 1 . 3 . 2 2 Burn 3 | . 3 . . . . . . . . . . . . . . . . . . . . . . . . . . . . . . . Destroy 14 | . . . . . . . . . . . . . 3 . 7 4 . . . . . . . . . . . . . . . . Smash 5 | . . . . 2 . . . . . . . . . 1 . 2 . . . . . . . . . . . . . . . . Sever 11 | . . . . . . . . . . . . 5 . . . . . . . . . . . . . . 1 . 3 . 2 . Impale 2 | . . . . . . . . . . . . . . . . . . . . . . . . . . . . . . . . 2 Melee Attacks 307 | . . . 1 31 3 . 14 8 4 1 . 26 21 6 . 13 19 . . . . 21 . . . . 35 6 39 5 21 33 Impact 85 | . . . 1 23 . . . . . . . . 2 6 . 13 19 . . . . 21 . . . . . . . . . . Slashing 215 | . . . . 8 3 . 14 8 4 1 . 26 19 . . . . . . . . . . . . . 35 6 39 5 21 26 Piercing 5 | . . . . . . . . . . . . . . . . . . . . . . . . . . . . . . . . 5 Sneak Attacks 50 | . . . . 9 . . 3 . . . . 3 6 . . 3 2 . . . . 2 . . . . 9 . 6 . 3 4 Combat Hostiles . | . . . . . . . . . . . . . . . . . . . . . . . . . . . . . . . . . Follow-up Attacks . | . . . . . . . . . . . . . . . . . . . . . . . . . . . . . . . . . Damage Inflicted 20494 | 113 914 253 179 1200 . . 808 349 . . . 749 2307 604 1664 2577 528 . . . . 707 . . 581 . 2047 . 2023 68 507 2316 Guns 5130 | 113 906 . . . . . . . . . . . 761 494 1664 1163 . . . . . . . . . . . . . . . 29 Cannons 1705 | . . . . . . . . . . . . . . . . . . . . . . 32 . . 581 . 148 . 40 . . 904 Explosions 4029 | . . 253 179 151 . . 496 308 . . . . 910 . . 895 221 . . . . . . . . . . . . . . 616 Melee 9622 | . . . . 1049 . . 312 41 . . . 749 636 110 . 519 307 . . . . 675 . . . . 1899 . 1983 68 507 767 Ramming 8 | . 8 . . . . . . . . . . . . . . . . . . . . . . . . . . . . . . . Kinetic 2512 | 63 495 . . . . . . . . . . . 761 . 816 377 . . . . . . . . . . . . . . . . Thermal 4323 | 50 411 . . . . . . . . . . . . 494 848 786 . . . . . 32 . . 581 . 148 . 40 . . 933 Explosive 3384 | . . 253 179 151 . . 496 308 . . . . 910 . . 471 . . . . . . . . . . . . . . . 616 Electromagnetic 645 | . . . . . . . . . . . . . . . . 424 221 . . . . . . . . . . . . . . . Impact 2625 | . . . . 892 . . . . . . . . 122 110 . 519 307 . . . . 675 . . . . . . . . . . Slashing 6780 | . . . . 157 . . 312 41 . . . 749 514 . . . . . . . . . . . . . 1899 . 1983 68 507 550 Piercing 217 | . . . . . . . . . . . . . . . . . . . . . . . . . . . . . . . . 217 Highest Corruption 11 | . . . . 4 . . 1 1 1 . . . 6 . . . . . . . . . . . . . 2 2 . . . 11 Average Corruption 3 | . . . . 4 . . 1 1 1 . . . 3 . . . . . . . . . . . . . 2 2 . . . 4 Corruption Purged 9 | . . . . . . . . . 1 . . . 6 . . . . . . . . . . . . . . . . . . 2 Corruption Blocked . | . . . . . . . . . . . . . . . . . . . . . . . . . . . . . . . . . Effects 48 | . . . . 12 . . . 2 2 . . . 4 . . . . . . . . . . . . . 6 6 . . . 16 Message Errors 12 | . . . . 1 . . . . . . . . 1 . . . . . . . . . . . . . 3 1 . . . 6 Matter Fused 13 | . . . . 6 . . . 1 1 . . . 2 . . . . . . . . . . . . . 1 . . . . 2 Heat Flow Errors 6 | . . . . . . . . . 1 . . . . . . . . . . . . . . . . . 1 1 . . . 3 Energy Discharges 6 | . . . . 1 . . . . . . . . 1 . . . . . . . . . . . . . . 3 . . . 1 Parts Rejected 1 | . . . . 1 . . . . . . . . . . . . . . . . . . . . . . . . . . . . Data Loss (minor) 5 | . . . . 1 . . . . . . . . . . . . . . . . . . . . . . 1 1 . . . 2 Data Loss (major) 3 | . . . . 1 . . . 1 . . . . . . . . . . . . . . . . . . . . . . . 1 Misfires 2 | . . . . 1 . . . . . . . . . . . . . . . . . . . . . . . . . . . 1 Overload Shots 8 | . . . . . . . . . . . . . . . . 4 4 . . . . . . . . . . . . . . . Overflow Damage 2583 | . . . . 510 . . 60 . . . . . 251 75 . 194 252 . . . . 355 . . . . 412 . 220 . . 254 Projectiles . | . . . . . . . . . . . . . . . . . . . . . . . . . . . . . . . . . Explosions 117 | . . . . . . . 32 . . . . . 47 . . 27 . . . . . . . . . . . . . . . 11 Melee 2466 | . . . . 510 . . 28 . . . . . 204 75 . 167 252 . . . . 355 . . . . 412 . 220 . . 243 Knockbacks 11 | . 1 . . 4 . . . . . . . . 1 1 . . 2 . . . . 2 . . . . . . . . . . Impact 11 | . 1 . . 4 . . . . . . . . 1 1 . . 2 . . . . 2 . . . . . . . . . . Kinetic . | . . . . . . . . . . . . . . . . . . . . . . . . . . . . . . . . . Secondary . | . . . . . . . . . . . . . . . . . . . . . . . . . . . . . . . . . Self-Inflicted Damage 209 | . . 78 . . . . . 9 . . . . . . . 122 . . . . . . . . . . . . . . . . Shots 5 | . . 2 . . . . . 1 . . . . . . . 2 . . . . . . . . . . . . . . . . Rammed 2 | . 2 . . . . . . . . . . . . . . . . . . . . . . . . . . . . . . . Targets Rammed 2 | . 2 . . . . . . . . . . . . . . . . . . . . . . . . . . . . . . . Kicked . | . . . . . . . . . . . . . . . . . . . . . . . . . . . . . . . . . Crushed . | . . . . . . . . . . . . . . . . . . . . . . . . . . . . . . . . . Highest Temperature 451 | 54 150 . 13 19 . . . 6 156 . 2 17 22 263 . 451 298 310 2 2 . 357 15 18 39 46 350 360 265 105 352 358 Average Temperature 77 | 28 35 . 6 11 . . . 3 73 . 1 10 6 80 . 168 70 128 2 2 . 122 7 9 14 14 41 82 42 47 132 106 Received Heat Transfer 1901 | . 207 . 306 27 . . 6 . . . 18 36 110 216 117 318 9 9 . . . 24 . . 26 . . 9 27 . 36 400 Effects 11 | . . . . . . . . . . . . . . 1 . 2 1 . . . . . . . . . . . . . 4 3 Shutdowns 3 | . . . . . . . . . . . . . . . . 1 . . . . . . . . . . . . . . . 2 Energy Bleed 1 | . . . . . . . . . . . . . . . . . . . . . . . . . . . . . . . . 1 Interference 6 | . . . . . . . . . . . . . . 1 . 1 1 . . . . . . . . . . . . . 3 . Matter Decay 1 | . . . . . . . . . . . . . . . . . . . . . . . . . . . . . . . 1 . Siege Activations 1 | . . . . . . . . . . . . . . . . . . . . . . . . . . . . . . . . 1 Total Turns 16 | . . . . . . . . . . . . . . . . . . . . . . . . . . . . . . . . 16 Longest Duration 16 | . . . . . . . . . . . . . . . . . . . . . . . . . . . . . . . . 16 Martial Activations . | . . . . . . . . . . . . . . . . . . . . . . . . . . . . . . . . . Shielding Activations . | . . . . . . . . . . . . . . . . . . . . . . . . . . . . . . . . . Robots Disrupted 1 | . . . . . . . . . . . . . . . . . 1 . . . . . . . . . . . . . . . Combat Hostiles 1 | . . . . . . . . . . . . . . . . . 1 . . . . . . . . . . . . . . . Robots Corrupted 10 | . . . . 3 . . . . . . . . . 2 . . 2 . . . . 3 . . . . . . . . . . Combat Hostiles 1 | . . . . . . . . . . . . . . 1 . . . . . . . . . . . . . . . . . . Parts Fried 20 | . . . . 9 . . . . . . . . . 1 . 6 1 . . . . 3 . . . . . . . . . . Impact Corruptions 38 | . . . . 14 . . . . . . . . 1 2 . 5 8 . . . . 8 . . . . . . . . . . Robots Melted 1 | . . . . . . . . . . . . . . . . 1 . . . . . . . . . . . . . . . . Combat Hostiles 1 | . . . . . . . . . . . . . . . . 1 . . . . . . . . . . . . . . . . Parts Melted 12 | . 1 . . . . . . . . . . . . 1 3 5 . . . . . . . . 2 . . . . . . . Heat Transferred 5754 | 148 1443 . . . . . . . . . . . . 666 1073 903 . . . . . 50 . . 800 . 174 . 37 . . 460 Parts Sabotaged . | . . . . . . . . . . . . . . . . . . . . . . . . . . . . . . . . . Parts Stolen . | . . . . . . . . . . . . . . . . . . . . . . . . . . . . . . . . . Parts Stripped . | . . . . . . . . . . . . . . . . . . . . . . . . . . . . . . . . . Power Chain Reactions 1 | . . . . . . . . . . . . . . . . . 1 . . . . . . . . . . . . . . . Alert | -11 -10 -9 -8 -8 -7 -7 -7 -7 -7 -7 -6 -6 -6 -6 -6 -6 -5 -5 -5 -5 -4 -4 -4 -4 -4 -3 -3 -3 -2 -2 -1 -1 ------- Run | Yrd Mat Mat Mat Sto Fac Was Fac Low Low Zio Pro Fac Ext Cet Arc Hub Fac Upp Upp Zhi Pro Fac Upp Upp War Pro Res Tes Res Qua Acc Com Maximum Alert Level 3 | . . . 1 2 1 . 1 . . . . . 2 1 . 2 2 . . . . 1 . . . . . . . . 1 3 Low Security (%) 69 | 100 100 100 61 25 . 100 85 . . . . 100 26 63 100 83 . . . . . 87 . . . . 100 100 100 100 82 9 Level 1 16 | . . . 38 39 100 . 14 . . . . . 40 36 . . 83 . . . . 12 . . . . . . . . 17 4 Level 2 12 | . . . . 34 . . . . . . . . 33 . . 16 16 . . . . . . . . . . . . . . 63 Level 3 1 | . . . . . . . . . . . . . . . . . . . . . . . . . . . . . . . . 22 Level 4 . | . . . . . . . . . . . . . . . . . . . . . . . . . . . . . . . . . Level 5 . | . . . . . . . . . . . . . . . . . . . . . . . . . . . . . . . . . High Security . | . . . . . . . . . . . . . . . . . . . . . . . . . . . . . . . . . Max Security . | . . . . . . . . . . . . . . . . . . . . . . . . . . . . . . . . . Peak Influence 793 | 10 129 153 329 563 228 73 275 . . . . 67 473 346 41 663 487 . . . . 315 . . . . 62 180 66 77 285 793 Initial 320 | . . . 64 138 228 73 . . . . . 25 2 219 . . 320 . . . . . . . . . . 8 47 . 36 158 Average 147 | . 48 57 176 333 219 33 69 . . . . 28 273 124 6 181 315 . . . . 45 . . . . 19 99 6 58 85 526 Influence Increases 8708 | 15 458 183 435 766 3 22 487 70 25 . 60 162 1174 289 201 902 475 . . . . 452 . . 214 . 267 320 88 140 462 1038 Destroy 0b10 Robot/C 2320 | . 320 60 60 300 . . 160 60 20 . . . 540 160 80 180 80 . . . . . . . 160 . . . . . . 140 Destroy 0b10 Robot/NC 460 | 15 20 . . 55 . . 15 . . . . 15 50 10 45 55 15 . . . . 30 . . . . 50 . 35 5 20 25 Destroy Leader 406 | . 64 10 10 100 . . 24 10 . . . 6 64 . . 62 . . . . . 6 . . . . 12 . 14 . 2 22 Allied During Kill 477 | . . . . 166 . . . . 5 . . . 142 109 1 . . . . . . . . . 54 . . . . . . . Successful Hack 695 | . 24 17 23 32 . . 59 . . . . 14 29 . . . 74 . . . . 14 . . . . 106 115 12 54 62 60 Select Force Hacks 90 | . 30 . . . . . 60 . . . . . . . . . . . . . . . . . . . . . . . . . Disable Machine 660 | . . 15 . 45 . . 15 . . . . . 120 . 60 195 60 . . . . 15 . . . . . 30 . 30 15 60 Anti-Garrison Action 200 | . . . . . . . . . . . . . . . . 150 . . . . . . . . . . . . . . . 50 Destroy Structure 985 | . . 21 27 23 3 22 34 . . . . 7 109 10 15 155 66 . . . . 72 . . . . 54 10 12 21 48 276 Partial Spotted 585 | . . 60 . 30 . . 30 . . . . 30 60 . . 30 120 . . . . 45 . . . . 45 15 . 30 30 60 Lose Combat Pursuer 1830 | . . . 315 15 . . 90 . . . 60 90 60 . . 75 60 . . . . 270 . . . . . 150 15 . 285 345 Influence Decreases 8376 | 15 458 30 259 593 294 233 218 210 145 9 20 196 788 681 201 247 655 297 54 124 . 145 145 62 300 14 252 251 172 80 274 954 Entered New Map 2107 | . . . 89 191 274 138 . 100 25 9 . 15 4 173 . . 335 177 34 124 . . 115 32 100 14 . 7 37 . 24 90 Time Decay 4529 | 15 355 30 90 222 20 40 218 100 120 . 20 181 524 238 165 227 310 110 20 . . 145 30 30 140 . 216 94 135 80 220 434 Lost Part 682 | . 30 . 80 . . . . 10 . . . . 40 30 . 20 10 10 . . . . . . . . 2 . . . 30 420 Lost Ally 801 | . . . . 180 . 55 . . . . . . 220 240 36 . . . . . . . . . 60 . . . . . . 10 Purge Threat 257 | . 73 . . . . . . . . . . . . . . . . . . . . . . . . . 34 150 . . . . Squads Dispatched 65 | . 2 . 6 3 . . 9 . . . . . 2 . . 9 1 . . . . 2 . . . . 9 2 1 1 6 12 Investigation 15 | . 2 . 4 1 . . 2 . . . . . . . . . . . . . . . . . . . 3 1 . . 1 1 Extermination 14 | . . . . . . . 2 . . . . . . . . 1 1 . . . . 1 . . . . . . . 1 2 6 Reinforcement 26 | . . . 2 1 . . 2 . . . . . 2 . . 3 . . . . . 1 . . . . 6 1 1 . 3 4 Assault 6 | . . . . 1 . . 2 . . . . . . . . 2 . . . . . . . . . . . . . . . 1 Garrison 4 | . . . . . . . 1 . . . . . . . . 3 . . . . . . . . . . . . . . . . Intercept . | . . . . . . . . . . . . . . . . . . . . . . . . . . . . . . . . . Searches Triggered . | . . . . . . . . . . . . . . . . . . . . . . . . . . . . . . . . . Construction Impeded 3 | . . . . 1 . . . . . . . . 1 . . . . . . . . . . . . . 1 . . . . . Haulers Reinforced 4 | . . . . . . . 1 . . . . . . . . . . . . . . 1 . . . . 1 . 1 . . . Active Scanning Responses . | . . . . . . . . . . . . . . . . . . . . . . . . . . . . . . . . . Cargo Convoy Interrupts . | . . . . . . . . . . . . . . . . . . . . . . . . . . . . . . . . . Stealth | -11 -10 -9 -8 -8 -7 -7 -7 -7 -7 -7 -6 -6 -6 -6 -6 -6 -5 -5 -5 -5 -4 -4 -4 -4 -4 -3 -3 -3 -2 -2 -1 -1 --------- Run | Yrd Mat Mat Mat Sto Fac Was Fac Low Low Zio Pro Fac Ext Cet Arc Hub Fac Upp Upp Zhi Pro Fac Upp Upp War Pro Res Tes Res Qua Acc Com Distress Signals 43 | . 2 1 4 2 . . . . . . 1 . 2 1 . . 3 . . . . 1 . . 3 . 6 3 5 . 2 7 Communications Jammed 12 | . . . . . . . . . . . . 6 6 . . . . . . . . . . . . . . . . . . . Distress Signals 12 | . . . . . . . . . . . . 6 6 . . . . . . . . . . . . . . . . . . . Times Spotted 441 | . 37 5 47 14 2 6 16 3 . . 6 7 38 7 16 23 24 1 . . . 23 . . 37 . 4 16 18 7 30 54 Peak Tracking Total 18 | . 5 4 18 5 3 4 6 3 . . 4 5 5 4 2 9 11 1 . . . 9 . . 8 . 2 9 6 4 10 14 Tactical Retreats 55 | . . . 7 1 . . 5 . . . 2 3 3 . . 3 2 . . . . 7 . . . . . 3 1 . 8 10 Traps | -11 -10 -9 -8 -8 -7 -7 -7 -7 -7 -7 -6 -6 -6 -6 -6 -6 -5 -5 -5 -5 -4 -4 -4 -4 -4 -3 -3 -3 -2 -2 -1 -1 ------- Run | Yrd Mat Mat Mat Sto Fac Was Fac Low Low Zio Pro Fac Ext Cet Arc Hub Fac Upp Upp Zhi Pro Fac Upp Upp War Pro Res Tes Res Qua Acc Com Traps Triggered 12 | . . . . . 1 . 2 . . . . . 1 . . . . . . . . . . . . . 1 1 . . 3 3 Indirectly . | . . . . . . . . . . . . . . . . . . . . . . . . . . . . . . . . . Trap Hack Attempts . | . . . . . . . . . . . . . . . . . . . . . . . . . . . . . . . . . Triggered . | . . . . . . . . . . . . . . . . . . . . . . . . . . . . . . . . . Disarmed . | . . . . . . . . . . . . . . . . . . . . . . . . . . . . . . . . . Reprogrammed . | . . . . . . . . . . . . . . . . . . . . . . . . . . . . . . . . . Reused . | . . . . . . . . . . . . . . . . . . . . . . . . . . . . . . . . . Traps Extracted . | . . . . . . . . . . . . . . . . . . . . . . . . . . . . . . . . . Installed . | . . . . . . . . . . . . . . . . . . . . . . . . . . . . . . . . . Triggered . | . . . . . . . . . . . . . . . . . . . . . . . . . . . . . . . . . Machines | -11 -10 -9 -8 -8 -7 -7 -7 -7 -7 -7 -6 -6 -6 -6 -6 -6 -5 -5 -5 -5 -4 -4 -4 -4 -4 -3 -3 -3 -2 -2 -1 -1 ---------- Run | Yrd Mat Mat Mat Sto Fac Was Fac Low Low Zio Pro Fac Ext Cet Arc Hub Fac Upp Upp Zhi Pro Fac Upp Upp War Pro Res Tes Res Qua Acc Com Machines Disabled 50 | . 1 1 . 3 . . 1 . . . . . 8 1 4 14 4 . . . . 1 . . 1 . . 2 . 2 1 6 Max in Single Turn 13 | . 1 1 . 1 . . 1 . . . . . 1 1 1 13 1 . . . . 1 . . 1 . . 1 . 1 1 2 Garrison Access 11 | . . . 1 . . . 1 . . . . 2 . . . 1 2 . . . . 1 . . . . 1 1 1 . . . Phase Generator 1 | . . . . . . . . . . . . . . . . . . . . . . . . . . . . . . . . 1 Network Hub 1 | . . . . . . . . . . . . . . . . 1 . . . . . . . . . . . . . . . . Machines Repaired . | . . . . . . . . . . . . . . . . . . . . . . . . . . . . . . . . . Machines Dismantled 5 | . . . . . . . . . . . . . 4 . . . . . . . . . . . 1 . . . . . . . Machines Sabotaged . | . . . . . . . . . . . . . . . . . . . . . . . . . . . . . . . . . Overloaded Fab Kills . | . . . . . . . . . . . . . . . . . . . . . . . . . . . . . . . . . Hacking | -11 -10 -9 -8 -8 -7 -7 -7 -7 -7 -7 -6 -6 -6 -6 -6 -6 -5 -5 -5 -5 -4 -4 -4 -4 -4 -3 -3 -3 -2 -2 -1 -1 --------- Run | Yrd Mat Mat Mat Sto Fac Was Fac Low Low Zio Pro Fac Ext Cet Arc Hub Fac Upp Upp Zhi Pro Fac Upp Upp War Pro Res Tes Res Qua Acc Com Machines Accessed 167 | . 9 4 9 11 1 . 15 . 3 . 1 7 13 2 . 4 12 . . 7 . 6 1 . 12 . 14 12 4 5 8 7 Terminals 105 | . 7 4 7 8 . . 9 . . . 1 1 12 2 . 4 6 . . . . 4 . . . . 9 10 2 5 8 6 Fabricators 9 | . . . . . . . 3 . . . . 2 . . . . 1 . . . . . . . . . 2 1 . . . . Repair Stations 3 | . . . . 1 . . 1 . . . . . . . . . 1 . . . . . . . . . . . . . . . Recycling Units 17 | . 2 . 1 1 1 . 2 . . . . 2 1 . . . 2 . . . . 1 . . . . 2 . 1 . . 1 Scanalyzers . | . . . . . . . . . . . . . . . . . . . . . . . . . . . . . . . . . Garrison Access 10 | . . . 1 1 . . . . . . . 2 . . . . 2 . . . . 1 . . . . 1 1 1 . . . Total Hacks 452 | . 35 11 26 31 2 . 39 . 8 . 1 15 19 2 . 5 27 . . 46 . 18 1 . 28 . 52 32 9 11 24 10 Successful 255 | . 24 4 12 16 . . 19 . 8 . 1 7 8 1 . 1 12 . . 46 . 3 1 . 28 . 25 18 3 4 10 4 Failed 195 | . 10 7 14 14 2 . 20 . . . . 8 11 1 . 4 15 . . . . 15 . . . . 27 14 6 7 14 6 Catastrophic 30 | . . 1 1 1 . . 5 . . . . 1 1 1 . 3 6 . . . . 1 . . . . 1 2 1 1 1 3 Database Lockouts 2 | . 1 . . 1 . . . . . . . . . . . . . . . . . . . . . . . . . . . . Manual 163 | . 23 6 14 13 . . 15 . . . . 2 4 . . 4 8 . . . . 12 . . . . 28 7 3 6 12 6 Terminals 298 | . 32 11 22 27 . . 25 . . . 1 3 18 2 . 5 14 . . . . 15 . . . . 45 28 6 11 24 9 Fabricators 17 | . . . . . . . 7 . . . . 3 . . . . 3 . . . . . . . . . 3 1 . . . . Repair Stations 6 | . . . . 1 . . 3 . . . . . . . . . 2 . . . . . . . . . . . . . . . Recycling Units 27 | . 3 . 3 1 2 . 4 . . . . 4 1 . . . 2 . . . . 2 . . . . 2 . 2 . . 1 Scanalyzers . | . . . . . . . . . . . . . . . . . . . . . . . . . . . . . . . . . Garrison Access 21 | . . . 1 2 . . . . . . . 5 . . . . 6 . . . . 1 . . . . 2 3 1 . . . Terminal Hacks 167 | . 9 2 5 9 . . 6 . 8 . 1 . 7 1 . 1 2 . . 46 . . 1 . 28 . 12 14 2 4 7 2 Record 61 | . . . . . . . . . 6 . 1 . . 1 . . . . . 34 . . . . 18 . . 1 . . . . Part Schematic 10 | . . . . . . . 2 . . . . . . . . . . . . 4 . . . . . . 2 2 . . . . Robot Analysis 7 | . 1 . . 1 . . . . . . . . . . . . . . . 4 . . . . . . . . 1 . . . Prototype ID Bank 25 | . 2 . . 3 . . . . . . . . . . . . . . . 4 . . . . 9 . 6 1 . . . . Open Door 18 | . . . . 2 . . . . 2 . . . 7 . . . . . . . . . 1 . 1 . . 1 . 1 3 . Level Access Points 2 | . . . . . . . . . . . . . . . . . . . . . . . . . . . . 1 . 1 . . Branch Access Points 8 | . . . 1 . . . 1 . . . . . . . . . 1 . . . . . . . . . 1 1 1 1 1 . Machine Index 1 | . . . . . . . . . . . . . . . . . . . . . . . . . . . . . . . . 1 Terminal Index 5 | . 1 1 1 . . . . . . . . . . . . . . . . . . . . . . . 1 1 . . . . Alert Level 4 | . 1 . . 1 . . 1 . . . . . . . . . . . . . . . . . . . 1 . . . . . Unreport Threat 3 | . 1 . . . . . . . . . . . . . . . . . . . . . . . . . 1 1 . . . . Locate Traps 9 | . 1 . 2 . . . 1 . . . . . . . . . 1 . . . . . . . . . . 2 . . 1 1 Hauler Manifests 2 | . 1 . . 1 . . . . . . . . . . . . . . . . . . . . . . . . . . . . Registered Components 1 | . 1 . . . . . . . . . . . . . . . . . . . . . . . . . . . . . . . Registered Prototypes 2 | . . . . 1 . . . . . . . . . . . . . . . . . . . . . . . 1 . . . . Zone Layout 9 | . . 1 1 . . . 1 . . . . . . . . 1 . . . . . . . . . . . 2 . 1 2 . Fabricator Hacks 7 | . . . . . . . 3 . . . . 1 . . . . . . . . . . . . . . 2 1 . . . . Network Status 4 | . . . . . . . 2 . . . . 1 . . . . . . . . . . . . . . . 1 . . . . Load Schematic 1 | . . . . . . . . . . . . . . . . . . . . . . . . . . . 1 . . . . . Build 2 | . . . . . . . 1 . . . . . . . . . . . . . . . . . . . 1 . . . . . Repair Station Hacks 3 | . . . . 1 . . 1 . . . . . . . . . 1 . . . . . . . . . . . . . . . Scan Component 2 | . . . . . . . 1 . . . . . . . . . 1 . . . . . . . . . . . . . . . Refit 1 | . . . . 1 . . . . . . . . . . . . . . . . . . . . . . . . . . . . Recycling Unit Hacks 15 | . 2 . 1 1 . . 2 . . . . 2 1 . . . 2 . . . . 1 . . . . 2 . . . . 1 Report Inventory 10 | . 2 . 1 1 . . 2 . . . . 1 1 . . . 2 . . . . . . . . . . . . . . . Retrieve Components 5 | . . . . . . . . . . . . 1 . . . . . . . . . 1 . . . . 2 . . . . 1 Scanalyzer . | . . . . . . . . . . . . . . . . . . . . . . . . . . . . . . . . . Garrison Access Hacks 9 | . . . 1 . . . . . . . . 2 . . . . 2 . . . . 1 . . . . 1 1 1 . . . Seal Access 9 | . . . 1 . . . . . . . . 2 . . . . 2 . . . . 1 . . . . 1 1 1 . . . Unauthorized Hacks 54 | . 13 2 5 5 . . 7 . . . . 2 . . . . 5 . . . . 1 . . . . 8 2 . . 3 1 Terminals 49 | . 12 2 5 5 . . 4 . . . . 1 . . . . 5 . . . . 1 . . . . 8 2 . . 3 1 Assimilate 5 | . 1 1 . . . . . . . . . . . . . . 1 . . . . . . . . . 1 . . . 1 . Botnet 34 | . 4 1 3 4 . . 4 . . . . 1 . . . . 4 . . . . 1 . . . . 7 2 . . 2 1 Operators 2 | . 1 . . 1 . . . . . . . . . . . . . . . . . . . . . . . . . . . . Skim 8 | . 6 . 2 . . . . . . . . . . . . . . . . . . . . . . . . . . . . . Fabricators 2 | . . . . . . . 1 . . . . 1 . . . . . . . . . . . . . . . . . . . . Liberate 2 | . . . . . . . 1 . . . . 1 . . . . . . . . . . . . . . . . . . . . Repair Stations . | . . . . . . . . . . . . . . . . . . . . . . . . . . . . . . . . . Recycling Units 3 | . 1 . . . . . 2 . . . . . . . . . . . . . . . . . . . . . . . . . Tunnel 3 | . 1 . . . . . 2 . . . . . . . . . . . . . . . . . . . . . . . . . Scanalyzers . | . . . . . . . . . . . . . . . . . . . . . . . . . . . . . . . . . Garrison Access . | . . . . . . . . . . . . . . . . . . . . . . . . . . . . . . . . . Data Cores Recovered 7 | . . . . 1 . . . . . . . . . . . . 1 . . . . 1 . . . . 1 . . 1 2 . Used 2 | . . . . . . . . . . . . . . . . . 1 . . . . 1 . . . . . . . . . . Hacking Detections 109 | . 7 4 7 7 1 . 12 . . . . 7 8 1 . 3 9 . . . . 4 . . . . 10 10 3 4 5 7 Full Trace Events 7 | . 1 . 5 1 . . . . . . . . . . . . . . . . . . . . . . . . . . . . Feedback Events . | . . . . . . . . . . . . . . . . . . . . . . . . . . . . . . . . . Feedback Blocked . | . . . . . . . . . . . . . . . . . . . . . . . . . . . . . . . . . Robot Schematics Acquired 4 | . . . . . . . . . . 4 . . . . . . . . . . . . . . . . . . . . . . Robots Built . | . . . . . . . . . . . . . . . . . . . . . . . . . . . . . . . . . Authchips . | . . . . . . . . . . . . . . . . . . . . . . . . . . . . . . . . . Time . | . . . . . . . . . . . . . . . . . . . . . . . . . . . . . . . . . Total Robot Build Rating . | . . . . . . . . . . . . . . . . . . . . . . . . . . . . . . . . . Part Schematics Acquired 24 | . . . . . . . 2 . . 14 . . . . . . . . . 4 . . . . . . 2 2 . . . . Parts Built 3 | . . . . . . . 1 . . . . . . . . . . . . . . . . . . . 2 . . . . . Authchips . | . . . . . . . . . . . . . . . . . . . . . . . . . . . . . . . . . Time 163 | . . . . . . . 117 . . . . . . . . . . . . . . . . . . . 46 . . . . . Total Part Build Rating 25 | . . . . . . . 7 . . . . . . . . . . . . . . . . . . . 18 . . . . . Parts Repaired . | . . . . . . . . . . . . . . . . . . . . . . . . . . . . . . . . . Time . | . . . . . . . . . . . . . . . . . . . . . . . . . . . . . . . . . Parts Recycled . | . . . . . . . . . . . . . . . . . . . . . . . . . . . . . . . . . Recycled Matter . | . . . . . . . . . . . . . . . . . . . . . . . . . . . . . . . . . Retrieved Matter . | . . . . . . . . . . . . . . . . . . . . . . . . . . . . . . . . . Retrieved Components 27 | . . . . . . . . . . . . 3 . . . . . . . . . 2 . . . . 20 . . . . 2 Parts Scanalyzed . | . . . . . . . . . . . . . . . . . . . . . . . . . . . . . . . . . Part Schematics Acquired . | . . . . . . . . . . . . . . . . . . . . . . . . . . . . . . . . . Parts Damaged . | . . . . . . . . . . . . . . . . . . . . . . . . . . . . . . . . . Bothacking | -11 -10 -9 -8 -8 -7 -7 -7 -7 -7 -7 -6 -6 -6 -6 -6 -6 -5 -5 -5 -5 -4 -4 -4 -4 -4 -3 -3 -3 -2 -2 -1 -1 ------------ Run | Yrd Mat Mat Mat Sto Fac Was Fac Low Low Zio Pro Fac Ext Cet Arc Hub Fac Upp Upp Zhi Pro Fac Upp Upp War Pro Res Tes Res Qua Acc Com Used RIF Installer . | . . . . . . . . . . . . . . . . . . . . . . . . . . . . . . . . . Robots Hacked . | . . . . . . . . . . . . . . . . . . . . . . . . . . . . . . . . . Non-combat . | . . . . . . . . . . . . . . . . . . . . . . . . . . . . . . . . . Combat . | . . . . . . . . . . . . . . . . . . . . . . . . . . . . . . . . . Robot Hacks Applied . | . . . . . . . . . . . . . . . . . . . . . . . . . . . . . . . . . Relay Couplers Released 3 | . . . . . . . 2 . . . . . . . . 1 . . . . . . . . . . . . . . . . Machine Destruction 3 | . . . . . . . 2 . . . . . . . . 1 . . . . . . . . . . . . . . . . Fabnet Peak Effective % . | . . . . . . . . . . . . . . . . . . . . . . . . . . . . . . . . . Robots Rewired 16 | . . . . . . . . . . . . . 11 . . . . . . . . . . . 5 . . . . . . . Allies Hacked . | . . . . . . . . . . . . . . . . . . . . . . . . . . . . . . . . . Hacks Repelled . | . . . . . . . . . . . . . . . . . . . . . . . . . . . . . . . . . Allies | -11 -10 -9 -8 -8 -7 -7 -7 -7 -7 -7 -6 -6 -6 -6 -6 -6 -5 -5 -5 -5 -4 -4 -4 -4 -4 -3 -3 -3 -2 -2 -1 -1 -------- Run | Yrd Mat Mat Mat Sto Fac Was Fac Low Low Zio Pro Fac Ext Cet Arc Hub Fac Upp Upp Zhi Pro Fac Upp Upp War Pro Res Tes Res Qua Acc Com Total Allies 66 | . . 1 . 10 . 18 . . 3 . . . 27 . . . 1 . . . . . . . 5 . 1 . . . . . Largest Group 18 | . . . . 10 . 18 . . 3 . . . 16 15 2 . 1 . . . . . . . 5 2 1 . . . . . Highest-Rated Group 470 | . . . . 173 . 434 . . 93 . . . 470 450 55 . 26 . . . . . . . 283 128 10 . . . . . Highest-Rated Ally 159 | . . . . 29 . 35 . . 31 . . . 159 39 34 . 26 . . . . . . . 64 64 10 . . . . . Total Orders 11 | . . . . . . . . . . . . 2 . . . . 1 . . . . . . . 6 1 . . . . . 1 STAY 7 | . . . . . . . . . . . . . . . . . 1 . . . . . . . 5 1 . . . . . . FOLLOW 1 | . . . . . . . . . . . . . . . . . . . . . . . . . 1 . . . . . . . EXPLORE 1 | . . . . . . . . . . . . . . . . . . . . . . . . . . . . . . . . 1 RETURN 2 | . . . . . . . . . . . . 2 . . . . . . . . . . . . . . . . . . . . Ally Attacks 476 | . . . . 99 . 132 . . 1 . . . 105 99 . . . . . . . . . . 40 . . . . . . . Total Damage 11835 | . . . . 1204 . 4570 . . 21 . . . 3021 1520 . . . . . . . . . . 1499 . . . . . . . Kills 60 | . . . . 14 . 13 . . 1 . . . 19 8 . . . . . . . . . . 5 . . . . . . . Allies Corrupted 1 | . . . . . . . . . . . . . . . . . . . . . . . . . 1 . . . . . . . Allies Melted 5 | . . . . . . . . . . . . . 2 . . . . . . . . . . . . . . . 3 . . . Intel | -11 -10 -9 -8 -8 -7 -7 -7 -7 -7 -7 -6 -6 -6 -6 -6 -6 -5 -5 -5 -5 -4 -4 -4 -4 -4 -3 -3 -3 -2 -2 -1 -1 ------- Run | Yrd Mat Mat Mat Sto Fac Was Fac Low Low Zio Pro Fac Ext Cet Arc Hub Fac Upp Upp Zhi Pro Fac Upp Upp War Pro Res Tes Res Qua Acc Com Active Infowar (turns) 14799 | 45 1389 88 93 314 55 147 849 212 252 306 73 384 1641 701 1091 580 696 225 56 59 396 700 77 65 695 166 798 217 1041 178 611 599 Optics 10756 | . . . . . . . . . . . . 292 1641 701 1091 580 696 225 56 59 396 700 77 65 695 166 798 217 1041 178 611 471 Sensors 9867 | . . . . 314 55 147 828 212 252 306 73 384 680 . . 160 696 225 56 59 396 700 77 65 695 166 798 217 1041 178 579 508 IFF 3016 | . . . . . . . . . . . . . 805 701 1091 419 . . . . . . . . . . . . . . . . Terrain 158 | . . 65 93 . . . . . . . . . . . . . . . . . . . . . . . . . . . . . Structural 1738 | . . . . . . . . . . . . . 1464 274 . . . . . . . . . . . . . . . . . . Seismic 1615 | 45 1389 88 93 . . . . . . . . . . . . . . . . . . . . . . . . . . . . . T.N.C. 225 | . . . . . . . . . . . . . . . . . . . . . . . . . . . . . 225 . . . Cloaking 825 | . . . . . . . . . . . . . . . . . . . . . . 14 . . 1 20 257 . . . 512 21 Jamming 759 | . . . . . . . 240 31 2 . . 206 280 . . . . . . . . . . . . . . . . . . . Robot Analysis Total 7 | . 1 . . 1 . . . . . . . . . . . . . . . 4 . . . . . . . . 1 . . . Derelict Logs Recovered 7 | . . . . . . . . . . . . . . . . . . 2 1 . 1 . 2 1 . . . . . . . . Drone Launches 3 | . . . . . . . . . . . . 2 . . . . . . . . . . . . . . . . . . . 1 Drone Recoveries 2 | . . . . . . . . . . . . 2 . . . . . . . . . . . . . . . . . . . . Exploration | -11 -10 -9 -8 -8 -7 -7 -7 -7 -7 -7 -6 -6 -6 -6 -6 -6 -5 -5 -5 -5 -4 -4 -4 -4 -4 -3 -3 -3 -2 -2 -1 -1 ------------- Run | Yrd Mat Mat Mat Sto Fac Was Fac Low Low Zio Pro Fac Ext Cet Arc Hub Fac Upp Upp Zhi Pro Fac Upp Upp War Pro Res Tes Res Qua Acc Com Turns Passed 15641 | 128 1389 88 198 479 55 147 864 212 252 306 73 384 1641 701 1091 580 696 225 56 59 396 700 77 65 695 166 798 217 1041 178 611 1073 Spaces Moved 22413 | 64 664 154 505 878 140 240 2059 560 473 891 227 863 1633 358 174 590 1356 453 232 174 390 931 317 281 826 303 1738 517 1179 493 989 1761 Core 30 | 4 . . . . . . . . . . . . . . . . . . . . . . . . . . . 1 . . . 25 Treads 1175 | 60 347 . . . . . . . . . . . . 331 174 113 . . . . . . . . . . . . . . . 150 Legs 324 | . 317 7 . . . . . . . . . . . . . . . . . . . . . . . . . . . . . . Wheels . | . . . . . . . . . . . . . . . . . . . . . . . . . . . . . . . . . Hover 132 | . . . . . . . . . . . . . . . . . . . . . . . . . . . . . . . . 132 Flight 20752 | . . 147 505 878 140 240 2059 560 473 891 227 863 1633 27 . 477 1356 453 232 174 390 931 317 281 826 303 1738 516 1179 493 989 1454 Fastest Speed 5 | 50 160 34 31 29 29 29 29 32 32 32 32 28 29 32 160 24 21 21 24 20 20 5 16 16 16 16 16 5 8 7 5 6 Average Speed 33 | 153 174 41 33 30 29 29 30 32 32 32 32 30 31 157 160 50 21 22 24 22 20 18 16 16 16 16 16 15 15 15 11 37 Slowest Speed 260 | 160 260 190 34 34 29 29 32 32 32 32 32 32 32 184 160 163 104 24 24 24 20 20 16 16 16 16 16 200 90 16 90 250 Overloaded Moves 376 | . . . . . . . . . . . . . . . . . . . . . . 38 . . . . . 53 36 23 157 69 Propulsion Burnouts 1 | . . . . . . . . . . . . . . . . . . . . . . . . . . . . . . . . 1 Robots Hopped 149 | . . . 42 1 . . 8 . . . . 5 8 . . 5 8 . . . . 6 . . 6 . 9 13 . 3 14 21 Potential Cave-ins 54 | . . . . . . . . . . . . . 20 . . 8 6 . . . 5 5 . . . 2 2 . . . . 6 Cave-ins Triggered 1 | . . . . . . . . . . . . . 1 . . . . . . . . . . . . . . . . . . . Teleports 1 | . . . . . . . . . . . . . . . . . . . . . . . . . . . . . . . 1 . Exploration Rate (%) 57 | 4 87 25 63 92 6 93 46 72 63 84 44 29 97 71 91 51 41 62 48 63 56 27 64 51 90 56 62 72 47 45 29 53 Regions Visited 32 Branch Regions 20 Pre-discovered Areas 7 | . 2 . . . . . 2 . . . . . . . . . . . . 3 . . . . . . . . . . . . Known Exits Taken 27 | . . . 1 1 . . 1 1 1 1 1 1 1 1 1 1 1 1 1 1 1 1 1 1 1 1 1 1 1 1 1 . Unknown Exits Taken 3 | 1 1 1 . . . . . . . . . . . . . . . . . . . . . . . . . . . . . . Scrap Searched 19 | . . . . . . . . 3 3 2 2 . . . . . . 3 2 . 3 . 1 . . . . . . . . . Spaces Dug 521 | . . . 1 9 3 . 18 22 17 . . 7 44 . . 33 58 32 . . 84 56 4 2 . 28 37 9 4 7 32 14 Terrain Destroyed 1146 | . . 22 30 21 3 . 43 37 28 . . 7 209 1 18 250 61 32 . . 86 58 4 2 . 28 38 9 4 7 32 116 Melee 113 | . . . 1 9 3 . 7 7 4 . . 7 9 . . 7 12 . . . . 12 . . . . 6 3 3 3 11 9 Projectile 373 | . . . . . . . . . . . . . 4 1 18 31 49 32 . . 86 46 4 2 . 28 32 6 1 4 21 8 AOE 660 | . . 22 29 12 . . 36 30 24 . . . 196 . . 212 . . . . . . . . . . . . . . . 99 Terrain Rammed . | . . . . . . . . . . . . . . . . . . . . . . . . . . . . . . . . . Walls Destroyed . | . . . . . . . . . . . . . . . . . . . . . . . . . . . . . . . . . Machines Disabled . | . . . . . . . . . . . . . . . . . . . . . . . . . . . . . . . . . Actions | -11 -10 -9 -8 -8 -7 -7 -7 -7 -7 -7 -6 -6 -6 -6 -6 -6 -5 -5 -5 -5 -4 -4 -4 -4 -4 -3 -3 -3 -2 -2 -1 -1 --------- Run | Yrd Mat Mat Mat Sto Fac Was Fac Low Low Zio Pro Fac Ext Cet Arc Hub Fac Upp Upp Zhi Pro Fac Upp Upp War Pro Res Tes Res Qua Acc Com Total 28996 | 79 776 172 486 1033 150 314 2253 578 566 910 226 956 2585 464 890 746 1668 544 231 192 619 1358 338 298 1339 391 2159 626 1971 577 1418 2083 Wait 4940 | . 23 1 1 90 7 69 152 1 78 17 . 60 670 48 657 37 229 59 . . 142 351 18 16 424 61 311 102 731 66 350 169 Move 22104 | 63 663 153 429 875 140 239 2042 559 472 890 226 852 1616 357 173 580 1339 452 231 173 389 918 316 280 817 302 1720 491 1178 486 963 1720 Hop 127 | . . . 33 1 . . 8 . . . . 5 7 . . 4 7 . . . . 6 . . 2 . 8 12 . 3 11 20 Pick Up 71 | 3 13 1 2 1 . . 4 2 2 . . 2 . 1 . 2 3 . . 1 . . . . 2 . 12 1 3 . 5 11 Fast Attach 175 | 7 5 4 6 12 . 3 7 . 2 1 . 5 10 13 2 11 6 . . 9 . 4 . . 6 . 9 2 6 6 4 35 Attach 48 | . 1 1 5 2 . . . 1 . . . 1 1 . . 3 4 . . . . . . . 1 . 2 2 1 . 5 18 Detach 26 | . 1 . 4 2 . . . . . . . . 2 2 . 1 1 . . . . . . . . . 3 2 1 . 1 6 Swap 78 | . 3 5 . 2 . 2 8 2 2 . . . 22 2 1 4 2 1 . 1 . 5 . . 2 . 6 . 2 . 1 5 Drop 171 | . 5 4 2 9 . 1 13 1 4 1 . 5 8 13 3 10 6 . . 8 . 5 . . 8 . 15 2 8 6 9 25 Fire 699 | 6 60 3 3 4 . . 5 4 2 . . . 67 22 54 81 51 32 . . 88 48 4 2 26 28 38 6 2 5 21 37 Melee 307 | . . . 1 31 3 . 14 8 4 1 . 26 21 6 . 13 19 . . . . 21 . . . . 35 6 39 5 21 33 Ram . | . . . . . . . . . . . . . . . . . . . . . . . . . . . . . . . . . Kick . | . . . . . . . . . . . . . . . . . . . . . . . . . . . . . . . . . Crush 2 | . 2 . . . . . . . . . . . . . . . . . . . . . . . . . . . . . . . Escape Stasis 51 | . . . . . . . . . . . . . 19 . . . 1 . . . . . . . . . . . . . 27 4 Rewire 157 | . . . . 4 . . . . . . . . 110 . . . . . . . . . . . 43 . . . . . . . Trap . | . . . . . . . . . . . . . . . . . . . . . . . . . . . . . . . . . Miscellaneous 40 | . . . . . . . . . . . . . 32 . . . . . . . . . . . 8 . . . . . . . Route ------- -11/Scrapyard -10/Materials (discovered 5 exits: *Mat x2 / [*Min x2] / Sub) -9/Materials -8/Materials (discovered 3 exits: *Fac x2 / *Sto) -8/Storage -7/Factory -7/Waste -7/Factory (discovered 3 exits: *Fac / *Low x2) -7/Lower Caves -7/Lower Caves (discovered 2 exits: *Fac / *Zio) -7/Zion -6/Proximity Caves -6/Factory (discovered 3 exits: *Fac x2 / *Ext) -6/Extension (discovered 2 exits: *Fac / *Cet) -6/Cetus (discovered 2 exits: *Fac / *Arc) -6/Archives (discovered 3 exits: *Fac / *Hub x2) -6/Hub_04(d) (discovered 2 exits: *Fac x2) -5/Factory (discovered 3 exits: *Fac / *Upp x2) -5/Upper Caves -5/Upper Caves -5/Zhirov -4/Proximity Caves -4/Factory (discovered 3 exits: *Res x2 / *Upp) -4/Upper Caves -4/Upper Caves -4/Warlord -3/Proximity Caves -3/Research (discovered 3 exits: *Res / *Tes x2) -3/Testing -2/Research (discovered 2 exits: *Qua x2) -2/Quarantine -1/Access -1/Command History --------- Turn | Location | Event 2 | -11/Scrapyard | Met Revision 17 26 | -11/Scrapyard | Discovered new exit (range 15) 129 | -11/Scrapyard | Entered Materials 306 | -10/Materials | Build established: Mutant 350 | -10/Materials | Discovered new exit (range 16) 529 | -10/Materials | Discovered new exit (range 15) 680 | -10/Materials | Core integrity fell below 50% 756 | -10/Materials | Discovered new exit (range 15) 1041 | -10/Materials | Discovered new exit (range 15) 1121 | -10/Materials | Central database locked down 1153 | -10/Materials | Learned 2 Mines zone layouts 1158 | -10/Materials | Build established: Scavenger-Mutant 1252 | -10/Materials | Identified exit to Subcaves 1287 | -10/Materials | Learned Storage trap positions 1314 | -10/Materials | Loaded intel: 1 repair station location 1333 | -10/Materials | Learned 4 Recycling zone layouts 1361 | -10/Materials | Learned location of 1 exit from Recycling 1399 | -10/Materials | Learned location of Recycling (-8) 1449 | -10/Materials | Learned location of 2 exits from Mines 1518 | -10/Materials | Entered another Materials area 1518 | -9/Materials | Evolved 2 slots: Propulsion x1, Utility x1 1604 | -9/Materials | Discovered new exit (range 5) 1606 | -9/Materials | Entered another Materials area 1606 | -8/Materials | Evolved 2 slots: Propulsion x1, Utility x1 1634 | -8/Materials | Discovered new exit (range 7) 1648 | -8/Materials | Discovered new exit (range 17) 1669 | -8/Materials | Build established: Mutant 1697 | -8/Materials | Discovered new exit (range 15) 1753 | -8/Materials | Lost 7 parts (1p1n4u1w) 1779 | -8/Materials | Identified exit to Storage 1804 | -8/Materials | Entered Storage 1805 | -8/Storage | Loaded intel: 19 trap records 1898 | -8/Storage | Assisted by bots powering up and referring to "LRC-V3" 2074 | -8/Storage | Lost 6 allies 2158 | -8/Storage | Central database locked down 2195 | -8/Storage | Found Prototype Launcher 2195 | -8/Storage | Identified Gui. Missile Launcher 2204 | -8/Storage | First assault squad dispatched 2282 | -8/Storage | Discovered new exit (range 5) 2283 | -8/Storage | Identified exit to Factory 2283 | -8/Storage | Entered Factory 2283 | -7/Factory | Evolved 2 slots: Utility x2 2338 | -7/Factory | Sucked down chute 2338 | -7/Factory | Entered Waste 2339 | -7/Waste | Found Prototype Processor 2339 | -7/Waste | Identified Exp. Signal Interpreter 2372 | -7/Waste | Spotted C-40 Crusher 2373 | -7/Waste | Spotted C-40 Crusher 2374 | -7/Waste | Spotted C-40 Crusher 2374 | -7/Waste | Spotted C-40 Crusher 2380 | -7/Waste | Warlord forces began an assault 2409 | -7/Waste | Build established: Sprinter 2414 | -7/Waste | Allies destroyed C-40 Crusher 2414 | -7/Waste | Allies destroyed C-40 Crusher 2423 | -7/Waste | Allies destroyed C-40 Crusher 2428 | -7/Waste | Spotted C-40 Crusher 2431 | -7/Waste | Allies destroyed C-40 Crusher 2450 | -7/Waste | Allies destroyed C-40 Crusher 2463 | -7/Waste | Spotted C-40 Crusher 2476 | -7/Waste | Lost 13 allies 2482 | -7/Waste | Discovered new exit (range 12) 2485 | -7/Waste | Identified exit to Factory 2485 | -7/Waste | Entered Factory 2690 | -7/Factory | Assembled infested ambush trap array 2725 | -7/Factory | Fabricated Field Propulsion Array? 2832 | -7/Factory | Garrison activated, responded to threat 2899 | -7/Factory | Identified exit to Lower Caves 3268 | -7/Factory | Discovered new exit (range 15) 3349 | -7/Factory | Entered Lower Caves 3546 | -7/Lower Caves | Discovered new exit (range 14) 3561 | -7/Lower Caves | Identified exit to Lower Caves 3561 | -7/Lower Caves | Entered another Lower Caves area 3578 | -7/Lower Caves | Discovered new exit (range 9) 3635 | -7/Lower Caves | Entered an active Warlord outpost 3635 | -7/Lower Caves | A Commander dispatched an escort 3637 | -7/Lower Caves | Learned Factory trap positions 3637 | -7/Lower Caves | Learned Extension trap positions 3637 | -7/Lower Caves | Learned Armory security intel 3637 | -7/Lower Caves | Learned Factory terminal intel 3772 | -7/Lower Caves | Discovered new exit (range 7) 3774 | -7/Lower Caves | Identified exit to Zion 3787 | -7/Lower Caves | Found DRS Beacon 3813 | -7/Lower Caves | Entered Zion 3813 | -7/Zion | Accompanied by 3 allies 3814 | -7/Zion | Commander's escort returned to base 3814 | -7/Zion | Commander's escort returned to base 3814 | -7/Zion | Commander's escort returned to base 3868 | -7/Zion | Given the Hacking Drone Bay 3868 | -7/Zion | Found Prototype Device 3868 | -7/Zion | Identified Hacking Drone Bay 3878 | -7/Zion | Discovered new exit (range 15) 3964 | -7/Zion | Visited the Megawrench Repair Shop 4019 | -7/Zion | Met Imprinter 4081 | -7/Zion | Megawrench repaired 6 parts 4119 | -7/Zion | Identified exit to Proximity Caves 4119 | -7/Zion | Entered Proximity Caves 4176 | -6/Proximity Caves | Spotted B-75 Beast 4190 | -6/Proximity Caves | Discovered new exit (range 8) 4192 | -6/Proximity Caves | Identified exit to Factory 4192 | -6/Proximity Caves | Entered Factory 4192 | -6/Factory | Evolved 2 slots: Propulsion x1, Utility x1 4193 | -6/Factory | Loaded intel: 98 trap records 4194 | -6/Factory | Loaded intel: 28 terminal locations 4416 | -6/Factory | Discovered new exit (range 19) 4423 | -6/Factory | Identified exit to Factory 4556 | -6/Factory | Discovered exit to Factory (range 9) 4568 | -6/Factory | Discovered new exit (range 21) 4569 | -6/Factory | Build established: Ninja 4576 | -6/Factory | Identified exit to Extension 4576 | -6/Factory | Entered Extension 4577 | -6/Extension | Loaded intel: 14 trap records 4746 | -6/Extension | Rescued a captive Derelict 4747 | -6/Extension | Rescued a captive Derelict 4871 | -6/Extension | Spotted B-75 Beast 4983 | -6/Extension | Rescued a captive Derelict 4985 | -6/Extension | Rescued a captive Derelict 5020 | -6/Extension | Rescued a captive Derelict 5099 | -6/Extension | Rescued a captive Derelict 5143 | -6/Extension | Rescued A7 5199 | -6/Extension | Build established: Infiltrator-Ninja 5256 | -6/Extension | Crushed by falling debris 5351 | -6/Extension | Disrupted transfer network 5518 | -6/Extension | Rescued a captive Derelict 5555 | -6/Extension | Rescued a captive Derelict 5626 | -6/Extension | Discovered exit to Factory (range 10) 5626 | -6/Extension | Discovered new exit (range 6) 5628 | -6/Extension | Identified exit to Cetus 5666 | -6/Extension | Spotted B-75 Beast 5785 | -6/Extension | Destroyed B-75 Beast 5805 | -6/Extension | Extracted ID and sensor layout for unrecognized location from A7's data core 5838 | -6/Extension | Allies destroyed B-75 Beast 5863 | -6/Extension | Rescued a captive Derelict 5864 | -6/Extension | Rescued a captive Derelict 5868 | -6/Extension | Lost 4 allies 5904 | -6/Extension | Rescued a captive Derelict 5904 | -6/Extension | Rescued a captive Derelict 5911 | -6/Extension | Rescued a captive Derelict 5912 | -6/Extension | Rescued a captive Derelict 5987 | -6/Extension | Rescued a captive Derelict 6217 | -6/Extension | Entered Cetus 6217 | -6/Cetus | Accompanied by 15 allies 6219 | -6/Cetus | Spotted Cetus Guard 6219 | -6/Cetus | Spotted Cetus Guard 6227 | -6/Cetus | Spotted Cetus Guard 6227 | -6/Cetus | Spotted Cetus Guard 6228 | -6/Cetus | Allies destroyed Cetus Guard 6228 | -6/Cetus | Allies destroyed Cetus Guard 6256 | -6/Cetus | Allies destroyed Cetus Guard 6259 | -6/Cetus | Allies destroyed Cetus Guard 6388 | -6/Cetus | Found a strange terminal 6415 | -6/Cetus | Discovered new exit (range 22) 6454 | -6/Cetus | Spotted Cetus Guard 6454 | -6/Cetus | Spotted Cetus Guard 6454 | -6/Cetus | Spotted Cetus Guard 6454 | -6/Cetus | Spotted Cetus Guard 6458 | -6/Cetus | Allies destroyed Cetus Guard 6470 | -6/Cetus | Discovered exit to Factory (range 22) 6506 | -6/Cetus | Allies destroyed Cetus Guard 6527 | -6/Cetus | Destroyed Cetus Guard 6536 | -6/Cetus | Destroyed Cetus Guard 6538 | -6/Cetus | Lost 11 allies 6547 | -6/Cetus | Met Revision 17 6616 | -6/Cetus | Build established: Scavenger-Mutant 6911 | -6/Cetus | Identified exit to Archives 6918 | -6/Cetus | Entered Archives 6918 | -6/Archives | Accompanied by 2 allies 7024 | -6/Archives | Discovered new exit (range 22) 7035 | -6/Archives | Discovered new exit (range 22) 7061 | -6/Archives | Identified exit to Hub_04(d) 7102 | -6/Archives | Discovered exit to Factory (range 13) 8009 | -6/Archives | Entered Hub_04(d) 8128 | -6/Hub_04(d) | Garrison activated, responded to threat 8159 | -6/Hub_04(d) | Core integrity fell below 50% 8365 | -6/Hub_04(d) | Discovered exit to Factory (range 7) 8492 | -6/Hub_04(d) | Network Hub disabled 8570 | -6/Hub_04(d) | Discovered exit to Factory (range 14) 8589 | -6/Hub_04(d) | Entered Factory 8589 | -5/Factory | Evolved 2 slots: Power x1, Propulsion x1 8886 | -5/Factory | Build established: Scavenger-Scout 8990 | -5/Factory | Discovered new exit (range 19) 8997 | -5/Factory | Identified exit to Factory 9192 | -5/Factory | Identified exit to Upper Caves 9285 | -5/Factory | Entered Upper Caves 9316 | -5/Upper Caves | Learned Factory terminal intel 9493 | -5/Upper Caves | Attracted the attention of an 0b10 checkpoint 9503 | -5/Upper Caves | Discovered new exit (range 4) 9504 | -5/Upper Caves | Identified exit to Upper Caves 9510 | -5/Upper Caves | Entered another Upper Caves area 9511 | -5/Upper Caves | Encountered a Warlord checkpoint 9521 | -5/Upper Caves | Learned Factory trap positions 9558 | -5/Upper Caves | Discovered new exit (range 11) 9566 | -5/Upper Caves | Identified exit to Zhirov 9566 | -5/Upper Caves | Entered Zhirov 9566 | -5/Zhirov | Discovered new exit (range 3) 9571 | -5/Zhirov | Met Zhirov 9576 | -5/Zhirov | Learned location of Quarantine (-2) 9576 | -5/Zhirov | Learned location of Command (-1) 9578 | -5/Zhirov | Zhirov requested help retrieving the SGEMP Prototype 9587 | -5/Zhirov | Found Alien Artifact 9587 | -5/Zhirov | Identified Integrated Dissipator 9587 | -5/Zhirov | Installed Integrated Dissipator, increased core heat dissipation (+20) 9593 | -5/Zhirov | Found Alien Artifact 9625 | -5/Zhirov | Identified exit to Proximity Caves 9625 | -5/Zhirov | Entered Proximity Caves 9627 | -4/Proximity Caves | Learned location of 1 exit from Research 10020 | -4/Proximity Caves | Discovered exit to Factory (range 8) 10021 | -4/Proximity Caves | Entered Factory 10021 | -4/Factory | Evolved 2 slots: Propulsion x1, Utility x1 10022 | -4/Factory | Loaded intel: 80 trap records 10023 | -4/Factory | Loaded intel: 26 terminal locations 10302 | -4/Factory | Discovered new exit (range 4) 10302 | -4/Factory | Identified exit to Research 10491 | -4/Factory | Build established: Ninja 10550 | -4/Factory | Discovered exit to Research (range 16) 10602 | -4/Factory | Spotted B-86 Titan 10716 | -4/Factory | Discovered new exit (range 16) 10719 | -4/Factory | Identified exit to Upper Caves 10721 | -4/Factory | Entered Upper Caves 10745 | -4/Upper Caves | Learned Research emergency access door positions 10778 | -4/Upper Caves | Learned Research interactive machine intel 10797 | -4/Upper Caves | Discovered new exit (range 5) 10798 | -4/Upper Caves | Identified exit to Upper Caves 10798 | -4/Upper Caves | Entered another Upper Caves area 10828 | -4/Upper Caves | Learned Research garrison access intel 10842 | -4/Upper Caves | Discovered new exit (range 7) 10843 | -4/Upper Caves | Identified exit to Warlord 10847 | -4/Upper Caves | Entered a destroyed Warlord outpost 10863 | -4/Upper Caves | Entered Warlord 10918 | -4/Warlord | Found Prototype Device 10918 | -4/Warlord | Identified Thermal Barrier 10920 | -4/Warlord | Found Prototype Processor 10920 | -4/Warlord | Identified Spectral Analyzer 10924 | -4/Warlord | Found Prototype Hackware 10946 | -4/Warlord | Met Warlord 10971 | -4/Warlord | Warlord's base attacked by MAIN.C 11288 | -4/Warlord | Build established: Commander-Ninja 11321 | -4/Warlord | Warlord forces counterattacked 11332 | -4/Warlord | Lost 5 allies 11400 | -4/Warlord | Lost 7 allies 11422 | -4/Warlord | Spotted Executioner 11450 | -4/Warlord | Discovered new exit (range 14) 11469 | -4/Warlord | Lost 4 allies 11557 | -4/Warlord | Identified exit to Proximity Caves 11558 | -4/Warlord | Entered Proximity Caves 11558 | -3/Proximity Caves | Accompanied by 2 allies 11721 | -3/Proximity Caves | Discovered exit to Research (range 17) 11724 | -3/Proximity Caves | Entered Research 11724 | -3/Research | Evolved 2 slots: Utility x2 11725 | -3/Research | Identified exit to Research 11727 | -3/Research | Loaded intel: 44 interactive machine locations 11728 | -3/Research | Loaded intel: 4 garrison access locations 11730 | -3/Research | Identified System Mapper 11780 | -3/Research | Fabricated Lgt. Quantum Reactor (x2) 11924 | -3/Research | Revision forces began assault on 0b10 11933 | -3/Research | Met up with Revision 17++ 12025 | -3/Research | Build established: Hacker-Ninja 12044 | -3/Research | Identified exit to Testing 12424 | -3/Research | Research terminal network offline 12465 | -3/Research | Lost 3 allies 12512 | -3/Research | Spotted Striker 12522 | -3/Research | Entered Testing 12573 | -3/Testing | Found Prototype Device 12573 | -3/Testing | Identified Exp. Hardlight Generator 12666 | -3/Testing | Found Prototype Device 12666 | -3/Testing | Identified AEGIS Remote Shield 12720 | -3/Testing | Spotted PD-JAQQ5PBUWG 12739 | -3/Testing | Entered Research 12739 | -2/Research | Warlord forces began assault on 0b10 12739 | -2/Research | Evolved 2 slots: Utility x2 12741 | -2/Research | Identified exit to Quarantine 12797 | -2/Research | Spotted B-90 Cyclops 12849 | -2/Research | Research machine network offline 12983 | -2/Research | Met up with Warlord 13095 | -2/Research | Spotted Executioner 13110 | -2/Research | Spotted Executioner 13480 | -2/Research | Borebot progress halted 13487 | -2/Research | Build established: Hacker-Scout 13740 | -2/Research | Warlord invited to help at Command 13740 | -2/Research | Given Cave Seal Controls access code 13780 | -2/Research | Entered Quarantine 13791 | -2/Quarantine | Identified exit to Access 13841 | -2/Quarantine | Met incapacitated Sigix Warrior 13841 | -2/Quarantine | Lockdown squad dispatched 13918 | -2/Quarantine | Found Alien Artifact 13918 | -2/Quarantine | Identified Phase Armor 13958 | -2/Quarantine | Entered Access 13958 | -1/Access | Evolved 2 slots: Power x1, Propulsion x1 13973 | -1/Access | Spotted B-99 Colossus 14004 | -1/Access | Found Quantum Capacitor 14008 | -1/Access | Identified exit to Command 14561 | -1/Access | Identified Transdimensional Reconstructor 14561 | -1/Access | Warped through subspace 14569 | -1/Access | Entered Command 14590 | -1/Command | Lost 3 parts (1n2u) 14636 | -1/Command | Spotted Alpha 7 14636 | -1/Command | Spotted Alpha 7 14636 | -1/Command | Spotted Striker 14636 | -1/Command | Spotted Striker 14636 | -1/Command | Spotted Executioner 14636 | -1/Command | Spotted Executioner 14636 | -1/Command | Spotted Executioner 14636 | -1/Command | Spotted Executioner 14639 | -1/Command | Lost 5 parts (1p1n3u) 14674 | -1/Command | Phase Generator disabled 14703 | -1/Command | Disengaged cave seal 14703 | -1/Command | Derelicts emerged from the dark tunnel 14703 | -1/Command | Welcomed Warlord to Command 14819 | -1/Command | First assault squad dispatched 14851 | -1/Command | Spotted B-99 Colossus 14866 | -1/Command | Disengaged cave seal 14989 | -1/Command | Lost 4 allies 15056 | -1/Command | Lost 3 allies 15180 | -1/Command | Warlord commented on Warlord statues 15187 | -1/Command | Spotted Combat Programmer 15188 | -1/Command | Spotted Combat Programmer 15190 | -1/Command | Spotted M Guard 15194 | -1/Command | Spotted M Guard 15223 | -1/Command | Destroyed Combat Programmer 15232 | -1/Command | Warlord destroyed during the assault 15245 | -1/Command | P-80 Master assimilated allied 20-U5K(b) 15291 | -1/Command | System corruption reached 10% 15313 | -1/Command | Lost 16 allies 15326 | -1/Command | Lost 21 parts (4p7n8u2w) 15466 | -1/Command | Core integrity fell below 50% 15495 | -1/Command | Lost 4 parts (1p2u1w) 15542 | -1/Command | Build established: Mutant 15632 | -1/Command | Spotted B-99 Colossus 15634 | -1/Command | Spotted B-99 Colossus 15640 | -1/Command | Core integrity fell below 20% 15642 | -1/Command | Destroyed by Alpha 7 with Multirail Last Messages --------------- 15639_ Penetrated by Slug. 15639_ Slug penetrates Striker. 15639_ Penetrated by Slug. 15639_ Slug penetrates Wall. 15639_ Penetrated by Slug. 15639_ Slug penetrates Executioner. 15639_ Penetrated by Slug. 15639_ Gyrokinetic Inverter destroyed. 15639_ Slug penetrates Alpha 7. 15639_ Alpha 7 suffers critical hit (Destroy). 15639_ Penetrated by Slug. 15642_ Slug penetrates Striker. 15642_ Penetrated by Slug. 15642_ Slug penetrates Striker. 15642_ Striker destroyed. 15642_ Penetrated by Slug. 15642_ Slug penetrates Wall. 15642_ Penetrated by Slug. 15642_ Slug penetrates Executioner. 15642_ Penetrated by Slug. Map ----- +----------------------------------------------------+ | # #?????# #"""T"""#"""" ## #?????????????? | | # # ##?????# #########""R"""" #?????????????? | | # ###??????# #??????##"" ""#######?????????????? | | #####????????#%#### #?????????????????? | | #????????????# # #?????????????????? | | ?????????????# % #? #?????????????????? | | ?????????????# # #?????????????????? | | ?????????????# # "" #?????????????????? | | ?????????????# # """" #?????????????????? | | ?????????????# + """" #?????????????????? | | ?????????????# # "" #?????????????????? | | ??????######## # #?????????????????? | | ??????# # #?????????????????? | | ??????# # #?????????????????? | | ??????# + #?????????????????? | | ??????# "" ##############?????????????????? | | ??????# %"""" #??????????????????????????????? | | ??????# "" " #?????????????########?????????? | | ??????# " #???????????? ?????????? | | ??????# #???######### ????????? | | ??????# % ##### # # # ;BB ??????????? | | ??????# R% ; # E E BB "??????????????? | | ??????# """" 7 ^^ "??????????????? | | ??????# """" "??????????????? | | ??????# "" K^ "??????????????? | | ??????# """" %pp =!@E BB "??????????????? | | ??????# R *= # %7%%=E BB "??????????????? | | ??????## % ;# % / # # # ????????? | | ???????# #############? ????????? | | ???????# "" #??????????????? ?????????? | | ???????# """" #????????????????#####?????????? | | ???????# """" #??????????????????????????????? | | ???????# "" % ###########????????????????????# | | ???????# + """"" #????????????????????# | | ???????# # ""Y"" #????????????????????# | | ???????# # #????????????????????# | | ???????# #? #????????????????????# | | ? # #? #????????????????????# | | ?? + #?? #????????????????????# | | ?? ?#### #?? #????????????????????# | | ?? ?????# #??? #????????????????????# | | ??? ###??????# ##+########????????????????????# | | ?????????????# #???????????????????????????# | | ?????????????# #???????????????????????????? | | ???????# #### #???????????????????????????? | | ???????# ##??????????????????????????? | | ???????# #####+###"/%############################ | | ???????????# + % % !==[%= | | ???????????# """"""######### #########* | | ???????????# "" ####" # # #% | +----------------------------------------------------+ Best States ------------- Heat Dissipation 110 Energy Generation 67 Energy Capacity 450 Matter Stores 300 Matter Capacity 600 Sight Range 24 Robot Scan Range 18 Terrain Scan Range 16 Terrain Scan Density 210 Jamming Range 12 Cloak Strength 3 Power Amplification 30 Additional Mass Support 9 Corruption Containment 12 Armor Coverage 450 Core Shielding 20 Melee Speed Boost 20 Phase Shifting 15 Evasion (%) 80 Melee Accuracy 8 Target Analysis 8 Armor Integrity Analysis 40 Recoil Reduction 8 Offensive Hacking 32 Defensive Hacking 12 Item Schematics ----------------- Enh. Armored Leg | -7/Factory | Hacked Hacking Suite | -7/Factory | Hacked Arm. Huge Wheel | -7/Zion | Archive Drone Bay | -7/Zion | Archive Energy Filter | -7/Zion | Archive Stasis Canceller | -7/Zion | Archive Adv. Terrain Scan Processor | -7/Zion | Archive Imp. Thermal Generator | -7/Zion | Archive Arm. Medium Treads | -7/Zion | Archive Imp. Coolant Injector | -7/Zion | Archive Gravmag System | -7/Zion | Archive Enh. Optical Array | -7/Zion | Archive Gatling Laser | -7/Zion | Archive Arm. Leg | -7/Zion | Archive Force Field | -7/Zion | Archive Microactuators | -7/Zion | Archive Assault Drone Bay | -5/Zhirov | Free Exp. Heat Sink | -5/Zhirov | Free Exp. Optical Array | -5/Zhirov | Free Imp. Arc Thrower | -5/Zhirov | Free Cld. Nuclear Pulse Thruster | -3/Research | Hacked Adv. Hacking Suite | -3/Research | Hacked Lgt. Regenerative Plating | -3/Testing | Hacked Adv. Quantum Shading Machine | -3/Testing | Hacked Robot Schematics ------------------ O-24 Administrator | -7/Zion | Archive K-01 Serf | -7/Zion | Archive B-48 Gladiator | -7/Zion | Archive H-88 Terminator | -7/Zion | Archive Fabricated ------------ Field Propulsion Array | x1 | -7/Factory | Preloaded Lgt. Quantum Reactor | x2 | -3/Research | Preloaded Repaired ---------- Nothing Alien Tech Used ----------------- Integrated Dissipator Phase Armor Transdimensional Reconstructor Achievements -------------- None Challenges ------------ None Game ------ Seed AngularTachyonRifle Manual? 0 Play Time 06:03:29 Cumulative 272.8 hours Start 2025.08.15 @ 18:48:54 End 2025.08.16 @ 12:17:11 Sessions 5 Manual Loads 0 Difficulty Rogue Special Mode None Game No. 124 Rogue 103 Adventurer 21 Explorer 0 Win Type - Total 13 Types 9/0/3/1/0/0/0/0/0/0 Lore% 49 Gallery% 67 Achievement% 61 Wizard Run 0 Options --------- Layout 1 ASCII 0 Keyboard 0 Movement Mouse Keybinds 0 Fullscreen 2 Font 32/SmallcapsGlow Map View 77x35 Zoom Use 0% Tactical HUD 1 Map Filters NONE Filters NONE Steam 1 RUN: 70e85e22-1f15-4f33-bcae-57f6f9fa5296